 Dungeon Crawl Stone Soup version bcrawl-1.17.3 (webtiles) character file.

Game seed: 7275394835293733577

322 wazuzu the Magician (level 6, -3/45 HPs)
             Began as an Oni Wizard on Oct 19, 2019.
             Slain by a hippogriff (6 damage)
             ... on level 4 of the Dungeon.
             The game lasted 00:07:41 (3979 turns).

wazuzu the Magician (Oni Wizard)                    Turns: 3979, Time: 00:07:43

Health: -3/45      AC:  8    Str: 10    XL:     6   Next: 47%
Magic:  1/15       EV: 11    Int: 22    God:
Gold:   185        SH:  0    Dex:  9    Spells: 10/14 levels left

rFire    . . .     SeeInvis .   a - +0 staff
rCold    . . .     Gourm    .   (no shield)
rNeg     . . .     Faith    .   w - +1 leather armour {MR+}
rPois    .         Spirit   .   c - +0 hat
rElec    .         Reflect  .   (no cloak)
rCorr    .         Harm     .   (no gloves)
MR       +....                  (no boots)
Stlth    +.........             (no amulet)
HPRegen  0.15/turn              x - +4 ring of protection
MPRegen  0.14/turn              (no ring)

@: no status effects
A: oni magic, claws 1, fangs 1, horns 1
a: no special abilities


You were on level 4 of the Dungeon.
You were not hungry.

You visited 1 branch of the dungeon, and saw 4 of its levels.

You collected 185 gold pieces.


Innate Abilities, Weirdness & Mutations

You learn spells by gaining experience, not through books or religion.
You only train spellcasting to practice magic.
You have sharp fingernails.
You have very sharp teeth.
You have a pair of small horns on your head.


   Skills:
 - Level 2.0 Dodging
 - Level 2.0 Stealth
 + Level 4.8 Spellcasting


You had 10 spell levels left.
You knew the following spells:

 Your Spells              Type           Power        Failure   Level  Hunger
c - Conjure Flame         Conj/Fire      ####....     5%          3    ##.....
z - Magic Dart            Conj           ####         1%          1    None

Your spell library contained the following spells:

 Spells                   Type           Power        Failure   Level  Hunger
 Flame Tongue             Conj/Fire      ####.        1%          1    None
 Slow                     Hex            ####....     1%          1    None
 Blink                    Tloc           N/A          2%          2    None
 Call Imp                 Summ           ####....     2%          2    None
 Swiftness                Chrm/Air       ####....     2%          2    None
 Static Discharge         Air            ####....     4%          3    ##.....
 Mephitic Cloud           Conj/Pois/Air  ####....     6%          3    ##.....


Dungeon Overview and Level Annotations

Branches:
Dungeon (4/12)
 Temple: D:4-7

Altars:
Fedhas
Vehumet

Inventory:

Hand Weapons
 a - a +0 staff (weapon)
Armour
 c - a +0 hat (worn)
 w - a +1 leather armour of magic resistance (worn)
   (You took it off an orc on level 3 of the Dungeon)
Jewellery
 x - a +4 ring of protection (left claw)
Scrolls
 g - 2 scrolls of noise {unknown}
 h - 7 scrolls of identify {unknown}
 j - 2 scrolls of fear {unknown}
 k - 2 scrolls of remove curse {unknown}
 n - 2 scrolls of teleportation {unknown}
 o - a scroll of blinking {unknown}
 q - 3 scrolls of enchant weapon {unknown}
 s - a scroll of amnesia {unknown}
 u - a scroll of magic mapping {unknown}
Potions
 i - a potion of curing {unknown}
 l - a potion of might {unknown}
 m - 3 potions of lignification {unknown}
 t - a potion of cancellation {unknown}
Comestibles
 f - 3 rations {!d}
 v - 2 chunks of flesh {@w1}

###.###.....####
# ##...[# #....#
#....# #.#..## #
#.##..# .#
#.###.# ###.#.
.. #.#####......
. #.@HoZ#!....#
#####.#.....#
#.......#
#.....!.>
##........
#)!#.....#
....)...#.....#
..###...#######
.).#..


You could see a hippogriff, an orc and an adder skeleton.


Message History

* * * LOW HITPOINT WARNING * * *
Casting: Magic Dart (safe; 1% risk of failure)
Aiming: Magic Dart (safe; 1% risk of failure)
Aim: a hippogriff (heavily wounded)
The magic dart hits the hippogriff.
The hippogriff is heavily wounded.
The hippogriff bites you but does no damage.
The hippogriff pecks you but does no damage.
The hippogriff closely misses you.
Casting: Magic Dart (safe; 1% risk of failure)
Aiming: Magic Dart (safe; 1% risk of failure)
Aim: a hippogriff (heavily wounded)
The magic dart hits the hippogriff.
The hippogriff is heavily wounded.
The hippogriff bites you but does no damage.
The hippogriff pecks you.
* * * LOW HITPOINT WARNING * * *
The hippogriff claws you but does no damage.
Casting: Magic Dart (safe; 1% risk of failure)
Aiming: Magic Dart (safe; 1% risk of failure)
Aim: a hippogriff (heavily wounded)
The magic dart hits the hippogriff.
The hippogriff is severely wounded.
The hippogriff bites you.
* * * LOW HITPOINT WARNING * * *
The hippogriff pecks you but does no damage.
The hippogriff claws you.
* * * LOW HITPOINT WARNING * * *
Casting: Magic Dart (safe; 1% risk of failure)
Aiming: Magic Dart (safe; 1% risk of failure)
Aim: a hippogriff (heavily wounded)
The magic dart hits the hippogriff.
The hippogriff is severely wounded.
The hippogriff closely misses you.
The hippogriff pecks you but does no damage.
The hippogriff misses you.
You don't have enough magic to cast Magic Dart!
You don't have enough magic to cast Magic Dart!
Throwing (i - inventory)
r - a throwing net (quivered)
{!f}
Aim: a hippogriff (severely wounded) Really fire
r - a throwing net {!f}?
You throw a throwing net {!f}.
The throwing net {!f} hits the hippogriff.
The hippogriff is caught in the net!
The hippogriff is severely wounded.
The hippogriff struggles against the net.
You hit the hippogriff but do no damage.
The hippogriff is severely wounded.
The hippogriff struggles against the net.
You hit the hippogriff.
You headbutt the hippogriff, but do no damage.
You bite the hippogriff, but do no damage.
The hippogriff is severely wounded.
The hippogriff struggles against the net.
You strike the helpless hippogriff from behind!
You hit the hippogriff.
You headbutt the hippogriff, but do no damage.
The hippogriff is severely wounded.
The hippogriff struggles against the net.
You hit the hippogriff. You headbutt the hippogriff.
The hippogriff is almost dead.
The hippogriff struggles against the net. x2
The net rips apart, and the hippogriff comes free!
You hit the hippogriff.
The hippogriff is almost dead.
The hippogriff bites you!
* * * LOW HITPOINT WARNING * * *
The hippogriff pecks you but does no damage.
The hippogriff claws you.
You die...

Action                   |  1- 3 |  4- 6 || total
-------------------------+-------+-------++-------
Melee: Staff             |     9 |     5 ||    14
       Headbutt          |       |     3 ||     3
       Bite              |       |     1 ||     1
Throw: Throwing net      |       |     1 ||     1
 Cast: Magic Dart        |    89 |   127 ||   216
       Conjure Flame     |       |     1 ||     1
 Stab: Held in net/web   |       |     1 ||     1
  Eat: Chunk             |     2 |     7 ||     9
Armor: Animal skin       |     2 |     2 ||     4
       Leather armour    |       |    15 ||    15
Dodge: Dodged            |     6 |    33 ||    39

Levels and vault maps discovered:
D:1:      dpeg_arrival_concentric_ovals, layout_basic, minmay_lizard_pond
D:2:      layout_basic, fedhas_altar_2, fiery_altar_vehumet
D:3:      layout_loops_ring, first_ration
D:4:      layout_rooms, lemuel_doored_altar, serial_shops, shop, led_xom_imps,
          uniq_menkaure

Notes
Turn   | Place    | Note
-------+----------+-------------------------------------------
     0 | D:1      | wazuzu the Oni Wizard began the quest for the Orb.
     0 | D:1      | Reached XP level 1. HP: 14/14 MP: 5/5
   161 | D:1      | Reached skill level 2 in Dodging
   161 | D:1      | Reached skill level 2 in Stealth
   244 | D:1      | Reached XP level 2. HP: 20/20 MP: 4/7
   601 | D:1      | Reached XP level 3. HP: 25/26 MP: 6/9
   911 | D:1      | Reached skill level 3 in Spellcasting
  1310 | D:2      | Found a blossoming altar of Fedhas.
  1478 | D:2      | Found a radiant altar of Vehumet.
  1558 | D:2      | Reached XP level 4. HP: 33/33 MP: 6/10
  1718 | D:2      | Learned a level 3 spell: Conjure Flame
  2352 | D:2      | HP: 8/33 [poisoned by an adder]
  2358 | D:2      | HP: 6/33 [poisoned by an adder]
  2364 | D:2      | HP: 4/33 [poisoned by an adder]
  2371 | D:2      | HP: 3/33 [poisoned by an adder]
  3282 | D:3      | Noticed an ogre
  3318 | D:3      | Killed an ogre
  3318 | D:3      | Reached skill level 4 in Spellcasting
  3318 | D:3      | Reached XP level 5. HP: 20/38 MP: 5/13
  3783 | D:4      | Reached XP level 6. HP: 45/45 MP: 6/14
  3841 | D:4      | Noticed an ice beast
  3852 | D:4      | Killed an ice beast
  3951 | D:4      | Noticed a hippogriff
  3972 | D:4      | HP: 10/45 [hippogriff (3)]
  3979 | D:4      | HP: 3/45 [hippogriff (8)]
  3979 | D:4      | Slain by a hippogriff

Vanquished Creatures
  An ice beast (D:4)
  An ogre (D:3)
  A worker ant (D:4)
  An adder (D:2)
  3 oozes
  3 worms
  2 dart slugs (D:3)
  4 leopard geckos
  9 orcs
  4 bats
  2 giant cockroaches
  3 goblins (D:1)
  15 hobgoblins
  4 quokkas
  3 ball pythons
  13 frilled lizards
  5 kobolds
  6 rats
80 creatures vanquished.
